 Dungeon Crawl Stone Soup version 0.31-a0-940-gdaa99269f9 (webtiles) character file.

Game seed: 491364324137960863

83 Dirtsage the Chopper (level 4, -5/35 HPs)
             Began as a Demonspawn Fighter on Oct 20, 2023.
             Killed from afar by Ijyb (12 damage)
             ... with a bolt of acid
             ... on level 3 of the Dungeon.
             The game lasted 00:03:00 (1765 turns).

Dirtsage the Chopper (Demonspawn Fighter)           Turns: 1765, Time: 00:03:01

Health: -5/35      AC:  0    Str: 18    XL:     4   Next: 22%
Magic:  4/4        EV: 14    Int: 10    God:
Gold:   78         SH:  4    Dex: 12    Spells: 3/3 levels left

rFire   . . .        a - +0 war axe
rCold   . . .        c - +0 buckler
rNeg    . . .        b - +0 scale mail
rPois   .            (no helmet)
rElec   .            (no cloak)
rCorr   .            (no gloves)
SInv    .            e - +0 pair of boots
Will    .....        r - amulet of regeneration Stlth
                     i - +5 ring of evasion
HPRegen 1.05/turn    (no ring)
MPRegen 0.09/turn

%: no passive effects
@: corroded
A: weakness stinger 1
a: no special abilities


You were on level 3 of the Dungeon.
You visited 1 branch of the dungeon, and saw 3 of its levels.

You collected 78 gold pieces.

Inventory:

Hand Weapons
 a - a +0 war axe (weapon)
Armour
 b - a +0 scale mail (worn)
 c - a +0 buckler (worn)
 e - a +0 pair of boots (worn)
Jewellery
 i - a +5 ring of evasion (left hand)
 r - an amulet of regeneration (around neck)
Wands
 o - a wand of flame (6)
Scrolls
 g - a scroll of vulnerability {unknown}
 h - a scroll of torment {unknown}
 j - 2 scrolls of noise
 k - 3 scrolls of identify {unknown}
 n - a scroll of enchant weapon {unknown}
 q - a scroll of revelation {unknown}
Potions
 d - a potion of might
 f - 2 potions of attraction {unknown}
 l - a potion of cancellation {unknown}
 m - a potion of lignification {unknown}
 p - a potion of resistance {unknown}
 s - 3 potions of brilliance {unknown}


   Skills:
 - Level 3.0 Fighting
 + Level 4.1 Axes
 - Level 2.6 Armour
 - Level 2.6 Shields


You had 3 spell levels left.
You didn't know any spells.
Your spell library was empty.

Dungeon Overview and Level Annotations

Branches:
Dungeon (3/15)

Altars:

Shops:
D:1 !

Annotations:
D:3 Ijyb


Innate Abilities, Weirdness & Mutations

You have a small tail.


Message History

The goblin shouts!
A goblin comes into view. It is wielding a +0 club.
The goblin shouts!
The goblin unwields a +0 club.
The goblin wields a +0 sling.
The goblin shoots a sling bullet.
You block the sling bullet.
You miss the goblin. The goblin closely misses you.
The goblin shoots a sling bullet.
You block the sling bullet.
You closely miss the goblin.
Your tail-slap misses the goblin.
You block the goblin's attack.
The goblin shoots a sling bullet.
The sling bullet completely misses you. The goblin completely misses you.
You hear a shout!
You barely miss the goblin.
The goblin shoots a sling bullet.
The sling bullet completely misses you. The goblin closely misses you.
The goblin shoots a sling bullet.
The sling bullet barely misses you.
You hit the goblin.
You kill the goblin!
Ijyb the Twisted Goblin comes into view.
She is wielding a +0 club and carrying a wand of acid.
The goblin shoots a sling bullet.
The sling bullet closely misses you.
The goblin shoots a sling bullet.
The sling bullet completely misses you. Ijyb hits you with a +0 club.
You take 3 damage, and have 32/35 hp.
You barely miss Ijyb.
Your tail-slap misses Ijyb.
Ijyb hits you with a +0 club.
Ijyb zaps a wand.
The bolt of acid hits you! The acid corrodes you!
You take 9 damage, and have 23/35 hp.
MASSIVE DAMAGE!!
You are too injured to fight recklessly!
You are too injured to fight recklessly!
You are too injured to fight recklessly!
There are monsters nearby!
You hit Ijyb but do no damage. You block Ijyb's attack.
You closely miss Ijyb. Ijyb barely misses you.
You regained 2 hp, and now have 26/35 hp.
You hit Ijyb but do no damage. Ijyb hits you with a +0 club.
Ijyb zaps a wand.
The bolt of acid hits you!!
Ouch! That really hurt!
* * * LOW HITPOINT WARNING * * *
The acid corrodes you!
You take 20 damage, and have 6/35 hp.
MASSIVE DAMAGE!!
Okay, then.
You hit Ijyb but do no damage.
Ijyb zaps a wand.
The bolt of acid hits you!
You die...

##.#######
#........#
#.........
#..#.###.#
.#####..).#
..........#
.#####...##
#..#####.#
#.@......#
##g#######
#g# .$. ...
..... .....
.......


You could see Ijyb and a goblin.

Vanquished Creatures
  Jessica (D:2)
  3 adders
  A worm (D:2)
  4 ball pythons
  An endoplasm (D:3)
  4 goblins
  6 hobgoblins
  6 frilled lizards
  A kobold (D:1)
  3 rats (D:1)
30 creatures vanquished.

Notes
Turn   | Place    | Note
-------+----------+-------------------------------------------
     0 | D:1      | Dirtsage the Demonspawn Fighter began the quest for the
                  | Orb.
     0 | D:1      | Reached XP level 1. HP: 18/18 MP: 1/1
    86 | D:1      | Found Leun's Distillery.
   103 | D:1      | Reached skill level 2 in Axes
   276 | D:1      | Gained mutation: You have a small tail. [demonic ancestry]
   276 | D:1      | Reached XP level 2. HP: 18/24 MP: 2/2
   989 | D:2      | Noticed Jessica
   991 | D:2      | Reached skill level 3 in Axes
   996 | D:2      | Killed Jessica
   997 | D:2      | Reached XP level 3. HP: 18/29 MP: 3/3
  1312 | D:2      | Reached skill level 4 in Axes
  1312 | D:2      | Reached XP level 4. HP: 35/35 MP: 4/4
  1756 | D:3      | Noticed Ijyb
  1765 | D:3      | Killed from afar by Ijyb

Illustrated notes

Levels and vault maps discovered:
D:1:      ebering_hopf_link, layout_loops_corners, serial_shops, shop
D:2:      layout_basic, uniq_jessica
D:3:      layout_loops_corners, nicolae_overflow_hidden_temple, uniq_ijyb

Skill      XL: |  1  2  3 |
---------------+----------+-----
Axes           | 2 3 4 |  4.1
Fighting       | |  3.0
Armour         | |  2.6
Shields        | |  2.6

Action                     |  1- 3 |  4- 6 || total
---------------------------+-------+-------++-------
  Melee: War axe           |    71 |    22 ||    93
         Tailslap          |     2 |       ||     2
    Use: Scroll            |     1 |       ||     1
 Armour: Scale mail        |    34 |     7 ||    41
  Dodge: Dodged            |    30 |    22 ||    52
  Block: Buckler           |    16 |     7 ||    23

Table legend: (Time is in decaauts)
 A = Elapsed time spent in this place.
 B = Non-inter-level travel time spent in this place.
 C = Inter-level travel time spent in this place.
 D = Time resting spent in this place.
 E = Time spent auto-exploring this place.
 F = Levels seen in this place.
 G = Mean time per level.
                   A        B        C        D        E       F      G
               +--------+--------+--------+--------+--------+-----+--------+
         Total |   1800 |   1767 |     33 |      0 |   1517 |   3 |  600.0 |
       Dungeon |   1800 |   1767 |     33 |      0 |   1517 |   3 |  600.0 |
               +--------+--------+--------+--------+--------+-----+--------+

Top non-repeatable levels by time:
     D:1: 919 daAuts
     D:2: 707 daAuts
     D:3: 172 daAuts
